 Dungeon Crawl Stone Soup version 0.18-a0-1507-g69458e0 (webtiles) character file.

1110 Oddball22 the Stinger (level 8, -20/51 HPs)
             Began as an Octopode Transmuter on Mar 5, 2016.
             Demolished by a hill giant
             ... wielding a +0 giant club
              (35 damage)
             ... on level 6 of the Dungeon.
             The game lasted 00:16:09 (6146 turns).

Oddball22 the Stinger (Octopode Transmuter)         Turns: 6146, Time: 00:16:09

Health: -20/51     AC:  3    Str:  9    XL:     8   Next: 33%
Magic:  10/11      EV: 20    Int: 15    God:
Gold:   190        SH:  0    Dex: 20    Spells: 3 memorised, 6 levels left

rFire  . . .     SeeInvis .       - Unarmed
rCold  . . .     Gourm    .     (shield currently unavailable)
rNeg   . . .     Faith    .     (helmet currently unavailable)
rPois  x         Spirit   .     (no amulet)
rElec  .         Dismiss  .     g - +1 ring of protection
rCorr  .         Reflect  .     o - ring of stealth
SustAt .         Harm     .     (no ring)
MR     .....                    (no ring)
Stlth  +++.......               (no ring)
                                (no ring)
                                (no ring)
                                (no ring)

@: spider-form (expiring), not resistant to hostile enchantments, fairly
stealthy
A: almost no armour, (amphibious), 8 rings, (constrict 8), (camouflage 0),
(gelatinous body 0)
a: End Transformation


You were on level 6 of the Dungeon.
You were hungry.
You were a venomous arachnid creature.
You visited 1 branch of the dungeon, and saw 6 of its levels.

You collected 190 gold pieces.

Inventory:

Hand Weapons
 q - a +0 morningstar of venom (melded)
Missiles
 a - 60 arrows
Magical Staves
 y - an uncursed staff of energy {unknown}
Jewellery
 g - a +1 ring of protection (left front leg)
 o - a ring of stealth (right front leg)
Wands
 n - a wand of digging (1/24)
Scrolls
 d - 2 scrolls of remove curse {unknown}
 f - a scroll of magic mapping {unknown}
 h - 2 scrolls of blinking {unknown}
 j - a scroll of enchant armour {unknown}
 l - a scroll of teleportation {unknown}
 p - 4 scrolls of enchant weapon {unknown}
 s - 4 scrolls of random uselessness {unknown}
 u - a scroll of fog {unknown}
 z - a scroll of identify {unknown}
Potions
 e - a potion of invisibility {unknown}
 i - a potion of heal wounds {unknown}
 k - a potion of ambrosia
 m - 2 potions of curing
 r - a potion of brilliance {unknown}
 t - a potion of flight {unknown}
 C - a potion of cancellation {unknown}
Books
 b - a book of Changes

   Spells                             Type                      Level
   a - Beastly Appendage              Transmutation                1
   b - Sticks to Snakes               Transmutation                2
   c - Spider Form                    Transmutation/Poison         3
   d - Ice Form                       Ice/Transmutation            4
   e - Blade Hands                    Transmutation                5
Comestibles
 c - 3 bread rations
 v - 2 royal jellies
 w - a beef jerky
 x - a meat ration
 A - 4 fruits


   Skills:
 * Level 2.5 Fighting
 - Level 2.0 Dodging
 - Level 3.0 Unarmed Combat
 + Level 2.5 Spellcasting
 + Level 7.0 Transmutations
 - Level 7.1 Poison Magic


You had 6 spell levels left.
You knew the following spells:

 Your Spells              Type           Power        Failure   Level  Hunger
a - Beastly Appendage     Trmt           ###...       6%          1    #......
b - Sticks to Snakes      Trmt           ###.....     8%          2    ###....
c - Spider Form           Trmt/Pois      ###.......   12%         3    ###....


Dungeon Overview and Level Annotations

Branches:
Dungeon (6/15)
 Temple: D:4-7

Altars:
Dithmenos
Okawaru
Pakellas
Qazlal
Trog
Yredelemnul
The Shining One

Annotations:
D:3 Shelf's ghost, amateur DsMo
D:5 Arkorax's ghost, novice HOGl


Innate Abilities, Weirdness & Mutations

You cannot wear most types of armour.
((You are amphibious.))
You can wear up to eight rings at the same time.
((You can use your tentacles to constrict eight enemies at once.))
((Your skin changes colour to match your surroundings (Stealth).))
((Your rubbery body absorbs attacks (AC +1).))


Message History

The orc is moderately wounded.
The orc hits you but does no damage. The orc completely misses you.
You bite the orc!
You kill the orc!
You hit the orc.
The orc is poisoned.
The orc is heavily wounded.
You kill the orc!
Your Transmutations skill increases to level 7!
The orc closely misses you.
Your transformation is almost over.
The helpless quokka fails to defend itself.
You hit the quokka.
You kill the quokka!
You see here a quokka corpse.
The orc warrior shouts!
You hit the hill giant but do no damage.
The hill giant is poisoned.
The hill giant hits you with a giant club!!
Ouch! That really hurt!
You die...

#########........
#.......o.5..>...
#.####5C..####... #.#
#)#### ...
###########.####.###### ...
..............5.)..........
#####.#.###.#.#.####.###...
##### #.#.##.Co.#.#### ...
#...###.#...s#.......# #..
#.#.......##.†..#.##.#
#...#####.###.....# ##.##
#.# ###...# . #.# #.# #...#
. #.# #.# #...# .#####.#
#.# ...# .......# #.. ....
.####<.# ## ...


You could see a hill giant, a shadow imp and an orc.

Vanquished Creatures
  3 phantoms
  2 ogres (D:4)
  Blork the orc (D:4)
  A wyvern skeleton (D:6)
  A howler monkey (D:6)
  A giant frog zombie (D:5)
  3 hounds
  A centaur zombie (D:5)
  An iguana (D:6)
  2 orc wizards
  3 worker ants (D:4)
  A hound skeleton (D:4)
  A howler monkey skeleton (D:4)
  3 gnolls (D:2)
  4 adders
  An ooze (D:2)
  3 worms
  A dart slug (D:1)
  5 giant geckos
  15 orcs
  2 ball pythons
  5 giant cockroaches
  8 goblins
  8 hobgoblins
  4 jackals (D:1)
  4 kobolds
  3 quokkas
  6 bats
  A giant gecko skeleton (D:4)
  5 giant newts
  9 rats
108 creatures vanquished.

Vanquished Creatures (others)
  A giant gecko (D:2)
1 creature vanquished.

Grand Total: 109 creatures vanquished

Notes
Turn   | Place    | Note
--------------------------------------------------------------
     0 | D:1      | Oddball22 the Octopode Transmuter began the quest for the Orb.
     0 | D:1      | Reached XP level 1. HP: 13/13 MP: 3/3
   268 | D:1      | Reached XP level 2. HP: 18/18 MP: 5/5
   769 | D:1      | Reached XP level 3. HP: 24/24 MP: 6/6
  1304 | D:2      | Learned a level 2 spell: Sticks to Snakes
  1308 | D:2      | Learned a level 3 spell: Spider Form
  1770 | D:2      | Reached skill level 1 in Poison Magic
  1770 | D:2      | Reached XP level 4. HP: 29/29 MP: 3/7
  2352 | D:2      | Found an oddly glowing altar of Pakellas.
  2506 | D:2      | Found a stormy altar of Qazlal.
  2709 | D:3      | Found an iron altar of Okawaru.
  2721 | D:3      | Noticed Shelf's ghost (amateur DsMo)
  2756 | D:3      | Reached XP level 5. HP: 24/34 MP: 1/8
  3156 | D:4      | Noticed Blork the orc
  3163 | D:4      | Killed Blork the orc
  3424 | D:4      | Reached XP level 6. HP: 39/39 MP: 9/9
  3682 | D:4      | Noticed a phantom
  3721 | D:4      | Killed a phantom
  3721 | D:4      | Reached skill level 5 in Transmutations
  3994 | D:4      | Reached XP level 7. HP: 27/45 MP: 3/10
  4161 | D:4      | Reached skill level 5 in Poison Magic
  4806 | D:5      | Entered Level 5 of the Dungeon
  5335 | D:5      | Found a bloodstained altar of Trog.
  5336 | D:5      | Found a shadowy altar of Dithmenos.
  5348 | D:5      | Noticed Arkorax's ghost (novice HOGl)
  5419 | D:6      | Found a glowing golden altar of the Shining One.
  5421 | D:6      | Noticed an angel
  5442 | D:6      | Found a basalt altar of Yredelemnul.
  5477 | D:6      | Reached XP level 8. HP: 18/50 MP: 11/11
  5492 | D:6      | HP: 1/50 [phantom (8)]
  6121 | D:6      | Noticed a hill giant
  6146 | D:6      | Demolished by a hill giant

Vault maps used:
D:1:      sevenhm_arrival_forest_fort_small_5, st_stairs_9,
          minmay_splitting_lines, serial_park_tiny_pond, minmay_misc_feat_chi
D:2:      grunt_qazlal_clouds, serial_forest, infiniplex_forest_end_1,
          infiniplex_forest_clump_double, infiniplex_forest_clump_tiny,
          infiniplex_forest_split, infiniplex_forest_clump_medium,
          infiniplex_forest_end_2, infiniplex_forest_end_double,
          infiniplex_forest_corner_2, johnstein_pakellas_dig
D:3:      overflow_temple_1_default, kennysheep_boxes
D:4:      first_bread, uniq_blork_the_orc
D:5:      minmay_opposing_rooms, gammafunk_temple_overflow_statue
D:6:      grunt_temple_overflow_holy_war, minmay_temple_entry_large_hall

Skill      XL: |  1  2  3  4  5  6  7  8 |
---------------+-------------------------+-----
Fighting       | 2 |  2.5
Transmutations | 3 4 5 6 7 |  7.0
Poison Magic   | 1 3 4 6 7 |  7.1
Dodging        | |  2.0
Unarmed Combat | |  3.0
Spellcasting   | |  2.5

Action                   |  1- 3 |  4- 6 |  7- 9 || total
-------------------------+-------+-------+-------++-------
Melee: Unarmed           |    88 |    53 |    18 ||   159
       Morningstar       |       |    45 |    75 ||   120
 Cast: Beastly Appendage |     4 |     1 |       ||     5
       Spider Form       |     1 |     2 |     2 ||     5
  Use: Potion            |       |       |     2 ||     2
 Stab: Sleeping          |     5 |     5 |     8 ||    18
       Distracted        |       |       |     1 ||     1
  Eat: Chunk             |     3 |     6 |     7 ||    16
       Fruit             |       |     1 |       ||     1
